Workbook

Sheet SUMMARY 
A1: St. Dominics RC Primary School - Parent Council - St Dom's Community
A6: PROJECT NAME | B6: PROJECT DESCRIPTION | C6: OPENING | D6: INCOME | E6: EXPENDITURE | F6: BALANCE
A8: General | B8: General funds | C8: 336.74 | F8: 336.74
A9: Historical Funds | B9: Historical funds to be voted on by staff, pupils and parent/carer forum before spending | C9: 552.66 | D9: 0 | E9: 0 | F9: 552.66
A10: Education Mass | B10: 15yr saving for Education Mass | C10: 210 | D10: =INCOME!C49 -> 0 | E10: 0 | F10: 210
A11: Education Mass | B11: Yearly contribution | D11: =INCOME!E49 -> 0 | E11: 60 | F11: =C11+D11-E11 -> -60
A12: Quiz | B12: Funds raised for and spent on Quiz nights, usually February | C12: 0 | D12: 374.24 | E12: =EXPENDITURE!H49 -> 0 | F12: 374.24
A13: P1 Sharpies | B13: Sharpies for new P1 families | C13: 0 | D13: =INCOME!H49 -> 0 | E13: 24 | F13: =C13+D13-E13 -> -24
A14: Sports Day | B14: Funds raised for and spent on Sports Day | C14: 0 | D14: 89.85 | E14: 3.47 | F14: 86.38
A15: P1 HW Bag | B15: P1 Homework bags | C15: 0 | D15: 0 | E15: 101.99 | F15: =C15+D15-E15 -> -101.99
A16: P7 Gift | B16: P7 leaving gift | C16: 0 | D16: =INCOME!K49 -> 0 | E16: 265.26 | F16: =C16+D16-E16 -> -265.26
A17: EasyFunds | B17: Amount raised through Easy Fundrasing | C17: 0 | D17: 20.36 | E17: =EXPENDITURE!M49 -> 0 | F17: =C17+D17-E17 -> 20.36
A18: PKC | B18: PKC Budget Allocation | C18: 560.01 | D18: 0 | E18: 0 | F18: 560.01
A19: Closing Natwest Balance as at 16/06/2026 | F19: =SUM(F8:F18) -> 1689.14
A25: Independent Examiner Signature | B25: …....................................................................................
A27: Date | B27: ….............................................

Sheet INCOME
A1: ='SUMMARY '!A1 -> St. Dominics RC Primary School - Parent Council - St Dom's Community
A2: Income Financial Year 2022/2023
A4: Date | B4: Details | C4: General | D4: Bank Interest | E4: PKC | F4: Easy Fundraising | G4: Quiz | H4: Education Mass | I4: Sports Day | J4: P1 HW Bags/Sharpies | K4: P7 Trip/ Party/Gift | L4: Other | M4: Banked | O4: Cleared Bank Statement | P4: Date | Q4: Amount
O5: 45870 | P5: 28/08/25 | Q5: £2193.40
A6: 19/03/26 | B6: PKC grant | E6: £449 | O6: 46082 | P6: 27/03/26 | Q6: £1699.41
A8: 46147 | B8: SUMUP Quiz payment | C8: £46.79 | G8: £46.79
A9: 14/05/26 | B9: Easy Fundraising | C9: £20.36 | F9: £20.36
A10: 26/05/26 | B10: SUMUP Quiz payment | C10: £76.80 | G10: £76.80 | O10: 46168 | P10: 28/05/26 | Q10: £1541.09
A11: 46174 | B11: SUMUP Sports Day payment | C11: £8.85 | I11: £8.85 | O11: 46199 | P11: 26/06/26 | Q11: £1689.14
A12: 46176 | B12: Quiz and Sports Day cash | C12: £328.18 | G12: £250.65 | I12: £77.53
C49: =SUM(C5:C48) -> 0 | E49: =SUM(E5:E48) -> 0 | F49: =SUM(F5:F48) -> 0 | G49: =SUM(G5:G48) -> 0 | H49: =SUM(H5:H48) -> 0 | I49: =SUM(I5:I48) -> 0 | J49: =SUM(J5:J48) -> 0 | K49: =SUM(K5:K48) -> 0 | L49: =SUM(L5:L48) -> 0

Sheet EXPENDITURE
A1: ='SUMMARY '!A1 -> St. Dominics RC Primary School - Parent Council - St Dom's Community
A2: Expenditure Financial Year 2022/2023
A4: Date | B4: Supplier | C4: Details | D4: General | E4: Bank Interest | F4: PKC | G4: Easy Fundrasing | H4: Quiz | I4: Education Mass | J4: Sports Day | K4: P1 HW Bag/Sharpies | L4: P7 Trip/ Party/Gift | M4: Other | N4: Paid | P4: Cleared Bank Statement | Q4: Date | R4: Chq No | S4: Chq Amount
A5: 45967 | C5: Shinty bus | M5: £150
A6: 45967 | C6: Education Mass Transport | I6: £70
A7: 45967 | C7: Treasurer folder | M7: £12.99
A8: 46003 | C8: Literacy workshop | F8: £750
A9: 46153 | C9: P1 Sharpies | K9: £24
A10: 46155 | C10: P7 calculators | L10: £238.27
A11: 46175 | C11: P7 gift bags | L11: £13.99
A12: 46175 | C12: P7 frames | L12: £13
A13: 46189 | C13: Education Mass Transport | I13: £60
A14: 16/06/26 | C14: P1 homework bags | K14: £101.99
D49: =SUM(D5:D48) -> 0 | E49: =SUM(E5:E48) -> 0 | F49: =SUM(F5:F48) -> 0 | G49: =SUM(G5:G48) -> 0 | H49: =SUM(H5:H48) -> 0 | I49: =SUM(I5:I48) -> 0 | J49: =SUM(J5:J48) -> 0 | K49: =SUM(K5:K48) -> 0 | ... M49: =SUM(M5:M48) -> 0

Sheet NATWEST BANK RECONCILIATION
A1: Natwest Bank Reconciliation for | B1: ='SUMMARY '!A1 -> St. Dominics RC Primary School - Parent Council - St Dom's Community
A2: Financial Year 2025/26
F3: £
A5: Total per bank statement as at | F5: 1689.14
A7: Outstanding Income:
F12: =SUM(D8:D11) -> 0
A14: Outstanding Payments
F19: =SUM(D15:D18) -> 0
A22: Parent Council Balance | F22: ='SUMMARY '!F19 -> 1689.14
A25: Variance (should be zero) | F25: =F5+F12-F19-F22 -> 0
A30: Completed by: | B30: A King | G30: Date: | H30: 13/07/2026
A33: Checked by: | B33: …...................................................... | G33: Date: | H33: …..........................
